 Dungeon Crawl Stone Soup version 0.31-a0-1066-g35875b34c7 (webtiles) character file.

Game seed: 14983846204689853685

62152 Armakuni the Devastator (level 14, -1/76 HPs)
             Began as a Deep Elf Conjurer on Nov 19, 2023.
             Was a High Priest of Vehumet.
             Killed by divine providence
             ... invoked by an orc priest
              (16 damage)
             ... on level 2 of the Orcish Mines on Nov 22, 2023.
             The game lasted 01:03:43 (24597 turns).

Armakuni the Devastator (Deep Elf Conjurer)        Turns: 24597, Time: 01:03:44

Health: -1/76      AC: 14    Str: 17    XL:     14   Next: 63%
Magic:  22/34      EV: 17    Int: 25    God:    Vehumet [*****.]
Gold:   1764       SH:  0    Dex:  8    Spells: 13/42 levels left

rFire   + . .        a - staff of conjuration
rCold   + . .        J - orb {light}
rNeg    + . .        R - +4 acid dragon scales
rPois   +            j - -2 hat of the Alchemist {rElec rPois rF+ rC+ rN+ Will+ rMut rCorr}
rElec   +            Q - +2 cloak of the Weaver {rElec Str+9 Dex-5}
rCorr   +            M - +0 pair of gloves
SInv    .            (no boots)
Will    ++...        A - amulet of the acrobat
Stlth   +            E - +5 ring of evasion
HPRegen 0.32/turn    P - ring of poison resistance
MPRegen 0.24/turn

%: acrobat, resist mutation
@: glowing, studying Armour
A: no striking features
a: Renounce Religion


You were on level 2 of the Orcish Mines.
You worshipped Vehumet.
Vehumet was extremely pleased with you.
You visited 4 branches of the dungeon, and saw 19 of its levels.
You also visited: Sewer and Volcano.

You collected 1764 gold pieces.

Inventory:

Missiles
 H - 3 curare-tipped darts
Armour
 j - the -2 hat of the Alchemist (worn) {rElec rPois rF+ rC+ rN+ Will+ rMut rCorr}
   (You found it on level 7 of the Dungeon)

   rF+:       It protects you from fire.
   rC+:       It protects you from cold.
   rElec:     It insulates you from electricity.
   rPois:     It protects you from poison rN+: It protects you from negative
   energy.
   Will+:     It increases your willpower.
   rCorr:     It protects you from acid and corrosion.
   rMut:      It protects you from mutation.
 q - a +2 helmet of see invisible
 J - an orb of light (worn)
 M - a +0 pair of gloves (worn)
 Q - the +2 cloak of the Weaver (worn) {rElec Str+9 Dex-5}
   (You found it on level 7 of the Dungeon)

   Str+9:     It affects your strength (+9).
   Dex-5:     It affects your dexterity (-5).
   rElec:     It insulates you from electricity.
 R - +4 acid dragon scales (worn)
Magical Staves
 a - a staff of conjuration (weapon)
Jewellery
 A - an amulet of the acrobat (around neck)
 E - a +5 ring of evasion (left hand)
 F - a ring of protection from fire
 L - a ring of flight
 P - a ring of poison resistance (right hand)
Talismans
 h - a beast talisman
Wands
 b - a wand of polymorph (7)
 p - a wand of paralysis (13)
 v - a wand of flame (20)
Scrolls
 c - a scroll of revelation
 e - 5 scrolls of vulnerability
 i - 3 scrolls of amnesia
 o - 8 scrolls of teleportation
 r - 3 scrolls of noise
 w - 4 scrolls of immolation
 z - a scroll of fog
 C - 4 scrolls of enchant weapon
 N - a scroll of poison
 O - a scroll of silence
Potions
 d - a potion of enlightenment
 f - 6 potions of curing
 g - 5 potions of invisibility
 l - 6 potions of magic
 m - 6 potions of haste
 n - 3 potions of berserk rage
 s - 2 potions of resistance {unknown}
 u - 2 potions of mutation {unknown}
 x - 3 potions of lignification {unknown}
 y - 7 potions of heal wounds {unknown}
 B - 2 potions of cancellation {unknown}
 D - 7 potions of attraction {unknown}
 G - a potion of ambrosia {unknown}
 T - 4 potions of might
Miscellaneous
 t - a tin of tremorstones (2/2)
 S - a sack of spiders (inert)


   Skills:
 - Level 4.0 Fighting
 - Level 5.0 Staves
 + Level 6.2 Armour
 - Level 5.0 Dodging
 - Level 2.4 Stealth
 - Level 14.5 Spellcasting
 - Level 17.7 Conjurations
 - Level 4.0 Hexes
 - Level 4.0 Translocations
 - Level 5.0 Air Magic
 - Level 9.5 Earth Magic
 - Level 10.0 Evocations
 - Level 3.0 Shapeshifting


You had 13 spell levels left.
You knew the following spells:

 Your Spells              Type           Power      Damage    Failure   Level
a - Searing Ray           Conj           100%       2d8       0%          2
b - Bombard               Conj/Erth      46%        9d8       1%          6
j - Arcjolt               Conj/Air       42%        1d52      1%          5
l - Lehudib's Crystal Sp  Conj/Erth      46%        10d11     26%         8
m - Iskenderun's Mystic   Conj/Tloc      83%        2d16      1%          4
p - Fulminant Prism       Conj/Hex       41%        3d19      1%          4

Your spell library contained the following spells:

 Spells                   Type           Power      Damage    Failure   Level
 Magic Dart               Conj           100%       1d8       0%          1
 Sandblast                Erth           100%       2d20      1%          1
 Passwall                 Tmut/Erth      34%        N/A       1%          2
 Poisonous Vapours        Pois/Air       60%        N/A       1%          2
 Dazzling Flash           Conj/Hex       100%       N/A       1%          3
 Stone Arrow              Conj/Erth      100%       3d13      1%          3
 Brom's Barrelling Bould  Conj/Erth      92%        2d10      1%          4
 Lee's Rapid Deconstruct  Erth           30%        3d16*     1%          5
 Sigil of Binding         Hex            38%        N/A       2%          3
 Leda's Liquefaction      Hex/Erth       25%        N/A       2%          4
 Necrotise                Necr           72%        1d7       4%          1
 Sting                    Tmut/Pois      72%        1d6       4%          1
 Animate Armour           Summ/Erth      82%        N/A       6%          4
 Vhi's Electric Charge    Tloc/Air       80%        N/A       6%          4
 Cause Fear               Hex            19%        N/A       8%          4
 Dimensional Bullseye     Hex/Tloc       19%        N/A       8%          4
 Olgreb's Toxic Radiance  Pois           18%        N/A       11%         4
 Call Canine Familiar     Summ           18%        N/A       12%         3
 Vampiric Draining        Necr           18%        2d7       12%         3
 Summon Lightning Spire   Summ/Air       30%        N/A       14%         4
 Anguish                  Hex/Necr       14%        N/A       19%         4
 Plasma Beam              Fire/Air       15%        2x1d26    47%         6
 Agony                    Necr           18%        N/A       75%         5
 Enfeeble                 Hex            19%        N/A       100%        7
 Chain Lightning          Conj/Air       42%        3d56      100%        9
 Fire Storm               Conj/Fire      38%        8d10      100%        9
 Shatter                  Erth           30%        3d25*     100%        9


Dungeon Overview and Level Annotations

Branches:
Dungeon (11/15)            Temple (1/1) D:6            Lair (5/5) D:9
  Swamp (0/4) Lair:2        Snake (0/4) Lair:2        Slime (0/5) Lair:4
    Orc (2/2) D:10            Elf (0/3) Orc:2         Sewer (visited)
Volcano (visited)

Altars:
Ashenzari
Cheibriados
Dithmenos
Elyvilon
Fedhas
Gozag
Hepliaklqana
Kikubaaqudgha
Makhleb
Nemelex Xobeh
Okawaru
Qazlal
Ru
Sif Muna
Trog
Uskayaw
Vehumet
Wu Jian
Xom
Yredelemnul
Zin
The Shining One
Jiyva

Shops:
D:11 (

Annotations:
Lair:5 2 runed translucent doors


Message History

The orc priest invokes the aid of Beogh against you.
Beogh smites you!
Blink to where?
Press: ? - help, Dir - move target
As you read the scroll of blinking, it crumbles to dust.
There is a stone staircase leading up here.
Aiming: Bombard (dangerous; 1% risk of failure)
Press: ? - help, Q - select action, (/) - cycle Shift-Dir - straight line, f - orc warrior
Aim: an orc warrior, wielding a +0 broad axe and wearing a +0 plate armour (78% to hit)
You feel a surge of power!
The iron shot hits the orc warrior!!
You kill the orc warrior!
Vehumet accepts your kill.
You feel your power returning. The blast sends you backwards.
The orc priest calls down the wrath of Beogh upon you.
Beogh smites you!
There is a stone staircase leading up here.
Aiming: Bombard (dangerous; 1% risk of failure)
Press: ? - help, Q - select action, (/) - cycle Shift-Dir - straight line, f - orc warrior
Aim: an orc warrior, wielding a +0 short sword and wearing a +0 plate armour (haloed, 84% to hit)
You feel a surge of power!
The iron shot hits the orc warrior!!!
You kill the orc warrior!
Vehumet accepts your kill. The blast sends you backwards.
The orc priest casts a cantrip, but nothing happens.
There is a stone staircase leading up here.
Casting: Bombard (dangerous; 1% risk of failure)
Confirm with . or Enter, or press ? or * to list all spells.
You feel a surge of power!
You erupt in a blast of force!
The mystic blast hits the orc!!
You kill the orc!
Vehumet accepts your kill.
You feel your power returning.
The orc priest casts a cantrip, but nothing happens.
The orc priest calls down the wrath of Beogh upon you.
Beogh smites you!
* * * LOW HITPOINT WARNING * * *
The orc priest calls down the wrath of Beogh upon you.
Beogh smites you!
You die...

.................................
..............[..................
.....).)...[.[.......ooo.........
..##...[...............o..#..#.#.
...##...............o.o..#..#....
..##[##...#....[...))........#...
.##.)....#....)...)o........#....
####)##.##.....<...........#.....
######.......@..........##....
#..................## #...
##.............#....###..)
##.#..............##...).
##..#..............#...)..
#.........................
.#....................##..
#...................##...
....#...............###...


You could see an orc warrior, 5 orc priests and an orc.

Vanquished Creatures
  2 hydras (Lair:5)
  A catoblepas (Lair:3)
  6 two-headed ogres
  The ghost of t4s4d4r the Destroyer, a journeyman OpEE of Gozag (D:11)
  A centaur warrior (Volcano)
  5 death yaks (Lair:4)
  A hell knight (Volcano)
  2 skysharks
  A deep troll (D:11)
  4 skeletal warriors (D:8)
  A bog body (Lair:2)
  Pikel (D:7)
  2 lindwurms
  An oklob plant (Lair:1)
  2 orc knights
  An ugly thing (D:11)
  A manticore (D:11)
  A moth of wrath (D:11)
  Maurice (D:9)
  4 molten gargoyles
  17 elephants
  5 black mambas
  Psyche (D:8)
  Maggie (D:10)
  An unseen horror (D:11)
  8 cane toads
  2 yaktaurs (Volcano)
  4 rime drakes
  A kobold demonologist (D:7)
  13 komodo dragons
  4 trolls
  A polar bear (Lair:1)
  Prince Ribbit (D:9)
  11 dream sheep
  A hornet (D:10)
  17 blink frogs
  3 slime creatures (Lair:4)
  2 wraiths
  9 wyverns
  2 vampires
  8 basilisks
  25 yaks
  Grum (D:9)
  2 steam dragons
  4 vampire mosquitoes (D:11)
  3 wargs
  An acid dragon (D:7)
  2 hell hounds (Lair:5)
  10 water moccasins
  3 ice beasts
  5 sky beasts
  19 orc warriors
  A black bear (Lair:1)
  12 wolves
  10 centaurs
  5 ogres
  3 lemures (D:7)
  4 kobold brigands
  3 phantoms
  4 gnoll sergeants
  19 bullfrogs
  4 scorpions
  12 wights
  8 killer bees
  8 howler monkeys
  10 lava snakes
  2 jellies
  19 orc priests
  2 hounds
  3 iguanas (D:4)
  A sleepcap (D:6)
  4 hell rats (Lair:2)
  18 orc wizards
  Robin (D:2)
  13 gnolls
  11 adders
  19 river rats
  4 white imps
  A worm (D:3)
  2 dart slugs (D:4)
  99 orcs
  11 ball pythons
  9 endoplasms
  2 giant cockroaches
  16 hobgoblins
  3 jackals (D:1)
  11 quokkas
  4 bats
  2 frilled lizards
  15 goblins
  28 kobolds
  39 rats
668 creatures vanquished.

Vanquished Creatures (collateral kills)
  A two-headed ogre (D:11)
1 creature vanquished.

Vanquished Creatures (others)
  43 fulminant prisms
43 creatures vanquished.

Grand Total: 712 creatures vanquished

Notes
Turn   | Place    | Note
-------+----------+-------------------------------------------
     0 | D:1      | Armakuni the Deep Elf Conjurer began the quest for the Orb.
     0 | D:1      | Reached XP level 1. HP: 10/10 MP: 6/6
   154 | D:1      | Reached XP level 2. HP: 15/15 MP: 6/8
   166 | D:1      | Reached skill level 5 in Conjurations
   169 | D:1      | Learned a level 2 spell: Searing Ray
   268 | D:1      | Found a faded altar of an unknown god.
   688 | D:1      | Reached XP level 3. HP: 16/19 MP: 3/9
   990 | D:2      | Reached skill level 1 in Shapeshifting
  1054 | D:2      | Noticed Robin
  1777 | D:2      | You fall into a shaft and drop 2 floors!
  1801 | D:4      | Found a glowing drain.
  1813 | D:4      | Reached XP level 4. HP: 24/24 MP: 2/10
  1843 | Sewer    | Entered a sewer
  2087 | Sewer    | Reached skill level 6 in Conjurations
  2308 | Sewer    | Reached XP level 5. HP: 28/28 MP: 4/11
  2888 | Sewer    | Reached skill level 7 in Conjurations
  2888 | Sewer    | Reached XP level 6. HP: 32/32 MP: 3/12
  3321 | D:4      | Reached skill level 8 in Conjurations
  3714 | D:3      | Found an ornate altar of the Wu Jian Council.
  4075 | D:3      | Found a stormy altar of Qazlal.
  4496 | D:3      | Found a snail-covered altar of Cheibriados.
  4746 | D:4      | Reached XP level 7. HP: 36/36 MP: 4/13
  5156 | D:4      | Reached skill level 9 in Conjurations
  5465 | D:5      | Entered Level 5 of the Dungeon
  5536 | D:2      | Killed Robin
  5954 | D:5      | Reached skill level 10 in Conjurations
  6238 | D:5      | Reached XP level 8. HP: 39/41 MP: 4/14
  6412 | D:5      | Reached skill level 11 in Conjurations
  6446 | D:5      | Learned a level 4 spell: Iskenderun's Mystic Blast
  6974 | D:6      | Reached skill level 12 in Conjurations
  7215 | D:6      | Found a sparkling altar of Nemelex Xobeh.
  7267 | D:6      | Found a staircase to the Ecumenical Temple.
  7280 | Temple   | Entered the Ecumenical Temple
  7306 | Temple   | Became a worshipper of Vehumet
  7526 | D:6      | Reached XP level 9. HP: 45/45 MP: 9/15
  7594 | D:6      | Found a burning altar of Makhleb.
  7601 | D:6      | Reached skill level 13 in Conjurations
  8370 | D:7      | Reached * piety under Vehumet
  8370 | D:7      | Offered knowledge of Kiss of Death by Vehumet.
  8414 | D:7      | Reached skill level 1 in Translocations
  8773 | D:7      | Reached skill level 5 in Spellcasting
  8835 | D:7      | Found a bloodstained altar of Trog.
  8929 | D:7      | Noticed a troll
  8943 | D:7      | Found a transporter.
  8943 | D:7      | Found a transporter.
  8948 | D:7      | Found the -2 hat of the Alchemist {rElec rPois rF+ rC+ rN+
                  | Will+ rMut rCorr}
  8955 | D:7      | Noticed a kobold demonologist
  9202 | D:7      | Noticed Pikel
  9312 | D:7      | Noticed an angel
  9313 | D:7      | Found a glowing silver altar of Zin.
  9396 | D:7      | Found a white marble altar of Elyvilon.
  9396 | D:7      | Found a hazy altar of Hepliaklqana.
  9475 | D:7      | Killed Pikel
  9630 | D:7      | Reached XP level 10. HP: 40/50 MP: 17/24
 10018 | D:8      | Found an opulent altar of Gozag.
 10032 | D:8      | Noticed Psyche
 10034 | D:8      | Noticed a skeletal warrior
 10043 | D:8      | Killed Psyche
 10091 | D:7      | Reached skill level 10 in Spellcasting
 10143 | D:8      | Reached skill level 1 in Evocations
 10223 | D:8      | Offered knowledge of Shock by Vehumet.
 10226 | D:8      | Reached ** piety under Vehumet
 10369 | D:8      | Reached skill level 1 in Staves
 10455 | D:8      | Noticed a skeletal warrior
 10544 | D:8      | Reached skill level 1 in Fighting
 10616 | D:8      | Noticed a skeletal warrior
 10617 | D:8      | Noticed a skeletal warrior
 10660 | D:9      | Noticed Maurice
 10678 | D:9      | Killed Maurice
 10809 | D:8      | Killed a skeletal warrior
 10809 | D:8      | Killed a skeletal warrior
 10809 | D:8      | Killed a skeletal warrior
 10823 | D:8      | Killed a skeletal warrior
 10824 | D:8      | Reached skill level 5 in Evocations
 11233 | D:9      | Noticed a two-headed ogre
 11249 | D:9      | Killed a two-headed ogre
 11250 | D:9      | Reached skill level 5 in Staves
 11250 | D:9      | Reached XP level 11. HP: 61/61 MP: 19/27
 11705 | D:9      | Noticed Prince Ribbit
 11718 | D:9      | Killed Prince Ribbit
 11722 | D:9      | Noticed a two-headed ogre
 11728 | D:9      | Killed a two-headed ogre
 11863 | D:9      | Found a blossoming altar of Fedhas.
 11946 | D:9      | Noticed Grum
 11954 | D:9      | Killed Grum
 12254 | D:9      | Offered knowledge of Hailstorm by Vehumet.
 12363 | D:9      | Found a staircase to the Lair.
 12798 | Lair:1   | Entered Level 1 of the Lair of Beasts
 12880 | Lair:1   | Reached *** piety under Vehumet
 12883 | Lair:1   | Reached skill level 10 in Evocations
 12889 | Lair:1   | Reached skill level 5 in Dodging
 12966 | Lair:1   | Reached skill level 1 in Armour
 13060 | Lair:1   | Found a dark tunnel.
 13067 | Volcano  | Entered a volcano
 13083 | Volcano  | Noticed a centaur warrior
 13208 | Volcano  | Noticed a hell knight
 13214 | Volcano  | Learned a level 4 spell: Fulminant Prism
 13223 | Volcano  | Killed a centaur warrior
 13284 | Volcano  | Killed a hell knight
 13285 | Volcano  | Reached skill level 14 in Conjurations
 13285 | Volcano  | Reached XP level 12. HP: 14/66 MP: 6/28
 13472 | Volcano  | Found a burning altar of Makhleb.
 13731 | Lair:1   | Offered knowledge of Frozen Ramparts by Vehumet.
 14603 | Lair:1   | Reached skill level 15 in Conjurations
 15070 | Lair:2   | Found a staircase to the Swamp.
 15164 | Lair:2   | Found a staircase to the Snake Pit.
 15391 | Lair:2   | Upgraded the game from 0.31-a0-1042-ga9834b393d to
                  | 0.31-a0-1066-g35875b34c7
 15737 | Lair:2   | Reached **** piety under Vehumet
 16050 | Lair:2   | Offered knowledge of Volatile Blastmotes by Vehumet.
 16585 | Lair:3   | Reached ***** piety under Vehumet
 16789 | Lair:3   | Found a basalt altar of Yredelemnul.
 16792 | Lair:3   | Noticed a catoblepas
 17098 | Lair:3   | Killed a catoblepas
 17099 | Lair:3   | Reached XP level 13. HP: 70/70 MP: 16/33
 17681 | Lair:4   | Offered knowledge of Ozocubu's Refrigeration by Vehumet.
 17867 | Lair:4   | Reached skill level 16 in Conjurations
 18185 | Lair:4   | Reached skill level 17 in Conjurations
 18382 | Lair:4   | Found a staircase to the Slime Pits.
 18382 | Lair:4   | Found a viscous altar of Jiyva.
 18951 | Lair:5   | Entered Level 5 of the Lair of Beasts
 18973 | Lair:5   | Learned a level 8 spell: Lehudib's Crystal Spear
 19046 | Lair:5   | Reached skill level 1 in Earth Magic
 19263 | Lair:5   | Found an ornate altar of the Wu Jian Council.
 19378 | Lair:5   | Reached skill level 5 in Earth Magic
 19694 | Lair:5   | Learned a level 5 spell: Arcjolt
 19727 | Lair:5   | Reached skill level 1 in Air Magic
 20139 | Lair:5   | Found a large runed translucent door.
 20140 | Lair:5   | Noticed a fire dragon
 20313 | Lair:5   | Reached XP level 14. HP: 76/76 MP: 15/34
 20782 | Lair:5   | Found a large runed translucent door.
 21058 | D:7      | Identified the +2 cloak of the Weaver {rElec Str+9 Dex-5}
 21304 | D:10     | Entered Level 10 of the Dungeon
 21316 | D:10     | Noticed Maggie
 21325 | D:10     | Killed Maggie
 21718 | D:10     | Found a staircase to the Orcish Mines.
 22127 | D:10     | Found an iron altar of Okawaru.
 22410 | D:11     | Found Pyhey's Weapon Shop.
 22431 | D:11     | Found a bloodstained altar of Trog.
 22431 | D:11     | Noticed t4s4d4r's ghost (journeyman OpEE)
 22438 | D:11     | Found a transporter.
 22441 | D:11     | Found a transporter.
 22614 | D:11     | Offered knowledge of Bombard by Vehumet.
 22616 | D:11     | Reached skill level 5 in Air Magic
 22624 | D:11     | Learned a level 6 spell: Bombard
 23287 | D:11     | Killed t4s4d4r's ghost
 23471 | Orc:1    | Entered Level 1 of the Orcish Mines
 23723 | Orc:1    | Found a shimmering altar of Xom.
 23762 | Orc:1    | You fall into a shaft and drop 1 floor!
 23762 | Orc:2    | Entered Level 2 of the Orcish Mines
 23919 | Orc:1    | Reached skill level 5 in Armour
 24322 | Orc:2    | Found a staircase to the Elven Halls.
 24597 | Orc:2    | Killed from afar by an orc priest

Illustrated notes

Levels and vault maps discovered:
D:1:      lemuel_arrival_behind_the_door_small, layout_basic,
          ebering_ecumenical_altar_box
D:2:      layout_basic, uniq_robin
D:3:      layout_basic, mainiacjoe_overflow_boulevard,
          nicolae_overflow_crystal_walls, cheibrodos_worm_habitat
D:4:      layout_rooms, serial_glass, glass_columns_c, glass_columns_a,
          glass_columns_b, glass_columns_a, glass_columns_b, glass_columns_b,
          glass_columns_b, glass_columns_a, cheibrodos_sewer_entry_sluice,
          nrook_loot_triangle
D:5:      layout_basic
D:6:      layout_basic, mainiacjoe_overflow_six_doors_small,
          mainiacjoe_overflow_alcove_2, minmay_temple_entry_drinking_statues
D:7:      gammafunk_the_bubble [the_bubble_gammafunk_plus_minus],
          layout_gridville, zin_angel, grunt_temple_overflow_open,
          kennysheep_little_box, minmay_quadrilaterals, uniq_pikel
D:8:      layout_rooms, mainiacjoe_overflow_24_doors,
          chequers_serial_rivers_micro_e, hangedman_decor_peaks_small,
          hex_intersection, corexii_hall_statues_x, uniq_psyche
D:9:      layout_gridville, mainiacjoe_overflow_tiny_flanked, erik_lair_dragon,
          uniq_maurice, uniq_grum, uniq_prince_ribbit1
D:10:     layout_cave_pools, okawaru_altar_gauntlet_db, david_orc_2,
          nicolae_straight_to_the_point, uniq_maggie
D:11:     layout_rooms, serial_shops, shop, gammafunk_ghost_wrathful_warriors
Temple:   jpeg_temple_alley_garden
Lair:1:   layout_concentric_octagons, nicolae_volcano_entry_lava_flow
Lair:2:   lemuel_ratsnest, layout_chaotic_city, skrybe_swamp_entry_bodies,
          dummy_snake_entry, infiniplex_staircase_pool
Lair:3:   cheibrodos_magma_flow, layout_loops_ring, basic_altar,
          eino_small_chamber_without_monster
Lair:4:   layout_cave_shapes, minmay_slime_entry_pillars, lemuel_fruit_tree,
          grunt_megastairs_5
Lair:5:   cheibrodos_lair_end_hotspot, layout_layer_cave, basic_altar
Orc:1:    layout_caves, basic_altar
Orc:2:    st_orc_pillars, layout_caves

Skill      XL: |  1  2  3  4  5  6  7  8  9 10 11 12 13 14 |
---------------+-------------------------------------------+-----
Conjurations   | 5 6 7 8 10 12 13 14 15 17 | 17.7
Shapeshifting  | 1 2 3 |  3.0
Translocations | 4 |  4.0
Spellcasting   | 8 10 14 | 14.5
Evocations     | 5 10 | 10.0
Staves         | 5 |  5.0
Fighting       | 4 |  4.0
Dodging        | 5 |  5.0
Armour         | 3 6 |  6.2
Hexes          | 4 |  4.0
Earth Magic    | 6 9 |  9.5
Air Magic      | 2 5 |  5.0
Stealth        | |  2.4

Action                     |  1- 3 |  4- 6 |  7- 9 | 10-12 | 13-15 || total
---------------------------+-------+-------+-------+-------+-------++-------
  Melee: Trident           |     3 |       |       |       |       ||     3
         Rapier            |       |    41 |     1 |       |       ||    42
         Spear             |       |       |    42 |     3 |       ||    45
         Punch             |       |       |     1 |       |       ||     1
         Staff             |       |       |       |    69 |   105 ||   174
   Fire: Orcbow            |     9 |       |       |       |       ||     9
   Cast: Magic Dart        |    28 |       |       |       |       ||    28
         Searing Ray       |    23 |    52 |    80 |    70 |     5 ||   230
         Iskenderun's Myst |       |       |     3 |   116 |   177 ||   296
         Fulminant Prism   |       |       |       |    32 |    11 ||    43
         Arcjolt           |       |       |       |       |    34 ||    34
         Bombard           |       |       |       |       |    22 ||    22
  Evoke: Wand              |       |       |       |    30 |     2 ||    32
         Sack of spiders   |       |       |       |       |     1 ||     1
    Use: Scroll            |     2 |     4 |     2 |     8 |    12 ||    28
         Potion            |     1 |       |       |     6 |       ||     7
   Stab: Distracted        |       |       |       |       |     1 ||     1
 Armour: Robe              |    18 |    24 |    58 |     7 |       ||   107
         Steam dragon scal |       |       |       |   102 |    59 ||   161
         Acid dragon scale |       |       |       |       |    45 ||    45
  Dodge: Dodged            |    11 |    46 |   113 |   149 |   215 ||   534
   Form: Beast             |     1 |       |       |       |       ||     1
                           |       |       |     1 |       |       ||     1

Table legend: (Time is in decaauts)
 A = Elapsed time spent in this place.
 B = Non-inter-level travel time spent in this place.
 C = Inter-level travel time spent in this place.
 D = Time resting spent in this place.
 E = Time spent auto-exploring this place.
 F = Levels seen in this place.
 G = Mean time per level.
                   A        B        C        D        E       F      G
               +--------+--------+--------+--------+--------+-----+--------+
         Total |  24694 |  23296 |   1398 |   5619 |  12976 |  21 | 1175.9 |
       Dungeon |  14035 |  12992 |   1043 |   2729 |   7641 |  11 | 1275.9 |
        Temple |     51 |     27 |     24 |      0 |      0 |   1 |   51.0 |
          Lair |   7633 |   7312 |    321 |   1916 |   4131 |   5 | 1526.6 |
  Orcish Mines |   1124 |   1115 |      9 |    278 |    579 |   2 |  562.0 |
         Sewer |   1311 |   1311 |      0 |    419 |    568 |   1 | 1311.0 |
       Volcano |    538 |    538 |      0 |    277 |     56 |   1 |  538.0 |
               +--------+--------+--------+--------+--------+-----+--------+

Top non-repeatable levels by time:
  Lair:5: 1917 daAuts
     D:7: 1816 daAuts
     D:9: 1708 daAuts
  Lair:1: 1573 daAuts
     D:3: 1573 daAuts
  Lair:2: 1558 daAuts
  Lair:3: 1493 daAuts
     D:8: 1359 daAuts
   Sewer: 1311 daAuts
     D:6: 1309 daAuts
     D:1: 1200 daAuts
     D:5: 1161 daAuts
    D:11: 1127 daAuts
  Lair:4: 1090 daAuts
     D:4: 1010 daAuts
